 Dungeon Crawl Stone Soup version 0.28-a0-312-gbced6e68ee (webtiles) character file.

Game seed: 6659061451121678814

10 foodzzzz the Cudgeller (level 2, -1/25 HPs)
             Began as a Minotaur Gladiator on Aug 27, 2021.
             Frozen to death by an endoplasm (4 damage)
             ... on level 1 of the Dungeon on Aug 30, 2021.
             The game lasted 00:10:26 (1204 turns).

foodzzzz the Cudgeller (Minotaur Gladiator)         Turns: 1204, Time: 00:10:27

Health: -1/25      AC:  3    Str: 18    XL:     2   Next: 10%
Magic:  1/1        EV: 12    Int:  5    God:
Gold:   5          SH:  0    Dex: 11    Spells: 1/1 levels left

rFire   . . .      SeeInvis .   a - +0 flail
rCold   . . .      Faith    .   (no shield)
rNeg    . . .      Spirit   .   b - +0 leather armour
rPois   .          Reflect  .   c - +0 hat
rElec   .          Harm     .   (no cloak)
rCorr   .          Rampage  .   (no gloves)
Will    .....                   (no boots)
Stlth   +.........              (no amulet)
HPRegen 0.08/turn               (no ring)
MPRegen 0.07/turn               (no ring)

@: no status effects
A: horns 2, retaliatory headbutt
a: no special abilities


You were on level 1 of the Dungeon.
You visited 1 branch of the dungeon, and saw 1 of its levels.

You collected 5 gold pieces.

Inventory:

Hand Weapons
 a - a +0 flail (weapon)
 h - a +4 vorpal spear
Missiles
 d - 3 throwing nets (quivered)
 k - 8 javelins
Armour
 b - a +0 leather armour (worn)
 c - a +0 hat (worn)
 f - a +0 leather armour
Scrolls
 e - a scroll of immolation {unknown}
 g - a scroll of teleportation {unknown}
 i - a scroll of amnesia {unknown}
 j - a scroll of identify {unknown}


   Skills:
 + Level 2.6 Fighting
 + Level 4.0 Maces & Flails
 + Level 2.0 Throwing
 + Level 0.9 Armour
 + Level 3.3 Dodging
 + Level 0.1 Stealth


You had one spell level left.
You didn't know any spells.
Your spell library was empty.

Dungeon Overview and Level Annotations

Branches:
Dungeon (1/15)

Altars:


Innate Abilities, Weirdness & Mutations

You have a pair of horns on your head.
You reflexively headbutt those who attack you in melee.


Message History

g - Guard the area. f - Follow me.
Anything else - Cancel.
Okay, then.
You see here a bat corpse.
You see here a bat corpse.
You see here a +0 robe.
An endoplasm comes into view.
A kobold comes into view. It is wielding a +0 short sword.
The kobold shouts!
The endoplasm quivers.
The kobold hits you with a +0 short sword.
The kobold hits you with a +0 short sword.
You completely miss the kobold. The kobold completely misses you.
The endoplasm freezes you.
You are frozen.
The kobold barely misses you.
You closely miss the kobold. Your headbutt misses the kobold.
The endoplasm freezes you.
You are frozen.
The kobold barely misses you. The endoplasm freezes you.
You are frozen.
You closely miss the kobold. The kobold misses you. The endoplasm freezes you.
You are frozen.
* * * LOW HITPOINT WARNING * * *
You sock the kobold!
You kill the kobold!
The endoplasm freezes you.
You are frozen.
* * * LOW HITPOINT WARNING * * *
You see here a +0 short sword.
The endoplasm freezes you.
You are frozen.
* * * LOW HITPOINT WARNING * * *
The endoplasm misses you.
The endoplasm hits you but does no damage.
The endoplasm jiggles.
You see here a +0 short sword.
The endoplasm freezes you.
You are frozen.
You die...

.#..# #.###.##.#####.# #.####.#
...## #.# #.......##.###.# #.#
...# #.###.##.##........# #.#
..## #.....##.#####.########.#
..# #......#.#####.###...##.##
..######.#.##.#.......##.........
.........................[.....##
..#####..#.....#.J.....).......#
.........####...@.............##
...........##................####
................#.......#........
................#.......##.######
..#####.##.....##.......#...####
..# #.####..###########.#....#
..# #.# #..# #.).##.# ..# #..
..... ##### # ..####### ##....


You could see an endoplasm.

Vanquished Creatures
  2 ball pythons (D:1)
  An endoplasm (D:1)
  A hobgoblin (D:1)
  A bat (D:1)
  A frilled lizard (D:1)
  2 kobolds (D:1)
  2 rats (D:1)
10 creatures vanquished.

Notes
Turn   | Place    | Note
-------+----------+-------------------------------------------
     0 | D:1      | foodzzzz the Minotaur Gladiator began the quest for the
                  | Orb.
     0 | D:1      | Reached XP level 1. HP: 18/18 MP: 0/0
   207 | D:1      | Found a faded altar of an unknown god.
   230 | D:1      | Noticed a great orb of eyes
   232 | D:1      | Noticed a shining eye
   232 | D:1      | Noticed an eye of devastation
   232 | D:1      | Noticed a great orb of eyes
   265 | D:1      | Reached skill level 4 in Maces & Flails
   368 | D:1      | Upgraded the game from 0.28-a0-265-g048bc9fd10 to
                  | 0.28-a0-312-gbced6e68ee
   925 | D:1      | Reached XP level 2. HP: 25/25 MP: 1/1
  1204 | D:1      | Frozen to death by an endoplasm

Illustrated notes

Levels and vault maps discovered:
D:1:      erik_arrival_blinker_ship, layout_loops_cross,
          hellmonk_ecumenical_altar_watching_god

Skill      XL: |  1 |
---------------+----+-----
Maces & Flails | 4 |  4.0
Fighting       | |  2.6
Throwing       | |  2.0
Armour         | |  0.9
Dodging        | |  3.3
Stealth        | |  0.1

Action                   || total
-------------------------++-------
Melee: Flail             ||    23
Armor: Leather armour    ||     8
Dodge: Dodged            ||    23

Table legend: (Time is in decaauts)
 A = Elapsed time spent in this place.
 B = Non-inter-level travel time spent in this place.
 C = Inter-level travel time spent in this place.
 D = Time resting spent in this place.
 E = Time spent auto-exploring this place.
 F = Levels seen in this place.
 G = Mean time per level.
                   A        B        C        D        E       F      G
               +--------+--------+--------+--------+--------+-----+--------+
         Total |   1208 |   1204 |      4 |    400 |      0 |   1 | 1208.0 |
       Dungeon |   1208 |   1204 |      4 |    400 |      0 |   1 | 1208.0 |
               +--------+--------+--------+--------+--------+-----+--------+

Top non-repeatable levels by time:
     D:1: 1208 daAuts
